 Dungeon Crawl Stone Soup version 0.27-a0-1065-ge809cff456 (webtiles) character file.

Game seed: 15031330878748628562

5147 karkarkar the Thaumaturge (level 10, -1/51 HPs)
             Began as a Deep Elf Conjurer on Apr 24, 2021.
             Was a Priest of Vehumet.
             Slain by a two-headed ogre
             ... wielding a +0 giant spiked club
              (4 damage)
             ... on level 9 of the Dungeon.
             The game lasted 02:15:18 (11563 turns).

karkarkar the Thaumaturge (Deep Elf Conjurer)      Turns: 11563, Time: 02:15:19

Health: -1/51      AC: 15    Str:  4    XL:     10   Next: 33%
Magic:  28/28      EV: 13    Int: 25    God:    Vehumet [***...]
Gold:   369        SH:  0    Dex: 15    Spells: 17/33 levels left

rFire    + . .     SeeInvis .   d - +1 whip (holy)
rCold    . . .     Faith    +   (no shield)
rNeg     . . .     Spirit   .   L - +1 steam dragon scales
rPois    +         Reflect  .   k - +1 hat
rElec    .         Harm     .   s - +0 cloak
rCorr    +         Rampage  .   J - +0 pair of gloves
Will     +....                  H - +2 pair of boots {Stlth+}
Stlth    ++++......             i - amulet of faith
HPRegen  0.17/turn              u - ring of protection from fire
MPRegen  0.21/turn              j - ring of resist corrosion

@: invisible
A: horns 1, iridescent scales 1, poison resistance, screaming 1
a: Renounce Religion


You were on level 9 of the Dungeon.
You worshipped Vehumet.
Vehumet was most pleased with you.
You visited 2 branches of the dungeon, and saw 11 of its levels.
You also visited: Sewer.

You collected 526 gold pieces.
You spent 157 gold pieces at shops.

Inventory:

Hand Weapons
 d - a +1 whip of holy wrath (weapon)
 S - a +0 quarterstaff
Missiles
 b - 16 boomerangs
 h - 64 sling bullets
 v - 2 throwing nets
Armour
 k - a +1 hat (worn)
 s - a +0 cloak (worn)
 y - a +3 leather armour
 A - a scarf of invisibility
 H - a +2 pair of boots of stealth (worn)
 J - a +0 pair of gloves (worn)
 L - +1 steam dragon scales (worn)
 Q - +0 acid dragon scales
 R - a +1 scale mail of cold resistance
Jewellery
 i - an amulet of faith (around neck)
 j - a ring of resist corrosion (right hand)
 u - a ring of protection from fire (left hand)
Wands
 a - a wand of polymorph (13)
 l - a wand of mindburst (20)
 D - a wand of iceblast (9)
 N - a wand of charming (7)
 O - a wand of flame (9)
Scrolls
 c - 2 scrolls of noise
 e - 4 scrolls of teleportation
 f - 2 scrolls of amnesia
 m - 4 scrolls of enchant weapon
 o - a scroll of torment {unknown}
 t - 2 scrolls of fear
 x - a scroll of fog
 C - a scroll of brand weapon
 K - 2 scrolls of identify
 M - 2 scrolls of silence
Potions
 g - 2 potions of mutation
 n - a potion of resistance
 p - a potion of might
 q - a potion of ambrosia
 r - 2 potions of curing
 w - 2 potions of cancellation
 z - 2 potions of lignification
 B - 4 potions of flight
 F - a potion of haste
 I - a potion of brilliance
Miscellaneous
 P - a tin of tremorstones (2/2)


   Skills:
 + Level 0.9 Fighting
 + Level 3.4 Armour
 + Level 4.1 Dodging
 + Level 5.3 Stealth
 + Level 12.2 Spellcasting
 + Level 10.9 Conjurations
 + Level 3.0 Hexes
 + Level 3.0 Air Magic
 + Level 1.1 Evocations


You had 17 spell levels left.
You knew the following spells:

 Your Spells              Type           Power      Damage    Failure   Level
a - Shock                 Conj/Air       100%       1d9       1%          1
b - Searing Ray           Conj           100%       3d7       1%          2
c - Fulminant Prism       Conj/Hex       25%        3d14      1%          4
d - Dazzling Flash        Conj/Hex       100%       N/A       1%          3
e - Magic Dart            Conj           100%       1d8       1%          1
f - Vampiric Draining     Necr           7%         2d7       12%         3
g - Static Discharge      Conj/Air       50%        N/A       1%          2

Your spell library contained the following spells:

 Spells                   Type           Power      Damage    Failure   Level
 Iskenderun's Mystic Bla  Conj/Tloc      42%        2d10      1%          4
 Tukima's Dance           Hex            30%        N/A       3%          3
 Animate Skeleton         Necr           30%        N/A       4%          1
 Apportation              Tloc           30%        N/A       4%          1
 Pain                     Necr           60%        1d7       4%          1
 Lesser Beckoning         Tloc           7%         N/A       12%         3
 Animate Dead             Necr           7%         N/A       36%         4
 Agony                    Necr           15%        N/A       73%         5
 Alistair's Intoxication  Tmut/Pois      10%        N/A       73%         5
 Invisibility             Hex            30%        N/A       86%         6


Dungeon Overview and Level Annotations

Branches:
Dungeon (10/15)            Temple (1/1) D:4            Lair (0/6) D:8
  Sewer (visited)
    Orc: D:9-12

Altars:
Ashenzari
Dithmenos
Elyvilon
Hepliaklqana
Kikubaaqudgha
Nemelex Xobeh
Okawaru
Qazlal
Ru
Trog
Uskayaw
Vehumet
Wu Jian
Xom
Yredelemnul
Zin

Shops:
D:6 [((*


Innate Abilities, Weirdness & Mutations

You have a pair of small horns on your head.
You are partially covered in iridescent scales. (AC +2)
Your system is resistant to poisons. (rPois)
You occasionally shout uncontrollably at your foes.


Message History

You climb upwards.
There is a stone staircase leading down here.
There is an open door here.
There is an open door here.
You start resting.
Magic restored.
You start resting.
HP restored.
There is a stone staircase leading down here.
You climb downwards.
You hear the roar of battle.
There is an entrance to a bailey on this level.
Hurry and find it before the portal closes forever!
You hear the steady creaking of a very distant portcullis.
The two-headed ogre hits you with a +0 giant spiked club!!
The two-headed ogre hits you with a +0 giant club!
The two-headed ogre closely misses you. The two-headed ogre misses you.
There is a stone staircase leading up, spattered with blood here.
You climb upwards.
There is a stone staircase leading down here.
Aiming: Iceblast
Press: ? - help, Shift-Dir - straight line The mass of ice explodes!
The iceblast engulfs the two-headed ogre!
The two-headed ogre is lightly wounded.
The two-headed ogre barely misses you.
The two-headed ogre hits you with a +0 giant club!
* * * LOW HITPOINT WARNING * * *
Okay, then.
Okay, then.
Aiming: Charm
Press: ? - help, Shift-Dir - straight line, f - two-headed ogre
Aim: a two-headed ogre, wielding a +0 giant spiked club and a +0 giant club (lightly wounded, chance to affect: 31%)
Okay, then.
Okay, then.
Okay, then.
You fade into invisibility!
The two-headed ogre hits you with a +0 giant spiked club.
* * * LOW HITPOINT WARNING * * *
The two-headed ogre hits you with a +0 giant club.
You die...

...# #...# .###
###.# .### ###'#####
...# #.......#
#''### #.......#
.....# #.......#
..§..##### #.......#
§≈§..#...###.......#
§§≈..###...'....@..#
.....# #####....O..#
.....# ######'##
#''### ####.# ...#
#....# '######
####'#### †.....#
#.....# ......#
#.....#
......#####.....#


You could see a two-headed ogre.

Vanquished Creatures
  Psyche (D:8)
  A wyvern (D:9)
  Eustachio (D:5)
  A yak (D:9)
  2 steam dragons
  The ghost of storma199 the Magician, an amateur DjEE (D:4)
  A warg (D:8)
  2 acid dragons (D:9)
  A water moccasin (D:8)
  A sky beast (D:5)
  An ice beast (D:7)
  2 necrophages
  3 ogres
  3 centaurs (D:8)
  A gnoll sergeant (D:6)
  2 kobold brigands
  5 scorpions
  A water moccasin skeleton (D:4)
  A water moccasin zombie (D:7)
  A wyvern skeleton (D:7)
  12 killer bees
  5 wights (D:9)
  A howler monkey (D:4)
  2 bullfrog zombies (D:5)
  A bullfrog skeleton (D:6)
  A hound (D:6)
  3 centaur zombies
  4 orc priests
  2 jellies (D:6)
  2 iguanas (D:5)
  A merfolk siren (Sewer)
  8 orc wizards
  A merfolk avatar (Sewer)
  A killer bee zombie (D:8)
  10 gnolls
  9 adders
  3 river rats
  An ufetubus (D:5)
  2 adder skeletons (D:4)
  3 worms
  4 dart slugs
  19 orcs
  2 bat zombies (D:7)
  5 endoplasms
  10 giant cockroaches
  6 goblins
  12 hobgoblins
  8 jackals
  13 kobolds
  5 quokkas
  10 ball pythons
  A ball python skeleton (D:2)
  7 bats
  10 frilled lizards
  26 rats
242 creatures vanquished.

Vanquished Creatures (collateral kills)
  A warg (D:8)
1 creature vanquished.

Vanquished Creatures (others)
  A warg (D:8)
  An orc (D:8)
  8 fulminant prisms
  A plant (D:8)
  6 toadstools (D:1)
17 creatures vanquished.

Grand Total: 260 creatures vanquished

Notes
Turn   | Place    | Note
-------+----------+-------------------------------------------
     0 | D:1      | karkarkar the Deep Elf Conjurer began the quest for the
                  | Orb.
     0 | D:1      | Reached XP level 1. HP: 10/10 MP: 6/6
   436 | D:1      | Reached XP level 2. HP: 15/15 MP: 5/8
   558 | D:1      | Reached skill level 5 in Conjurations
  1075 | D:1      | Gained mutation: You occasionally shout uncontrollably at
                  | your foes. [potion of mutation]
  1075 | D:1      | Gained mutation: Your muscles are strong. (Str +2) [potion
                  | of mutation]
  1075 | D:1      | Gained mutation: You have a pair of small horns on your
                  | head. [potion of mutation]
  1075 | D:1      | Gained mutation: You possess an exceptional clarity of
                  | mind. [potion of mutation]
  1079 | D:1      | Learned a level 2 spell: Searing Ray
  1114 | D:2      | Reached XP level 3. HP: 19/19 MP: 0/9
  1200 | D:2      | Found a hide-covered altar of Uskayaw.
  1981 | D:2      | Reached XP level 4. HP: 24/24 MP: 1/11
  2358 | D:3      | Learned a level 4 spell: Fulminant Prism
  2417 | D:3      | Reached skill level 4 in Spellcasting
  2448 | D:3      | Reached XP level 5. HP: 28/28 MP: 9/13
  3111 | D:4      | Found a runed translucent door.
  3122 | D:4      | Noticed storma199's ghost (amateur DjEE)
  3151 | D:4      | Found a glowing drain.
  3173 | Sewer    | Entered a sewer
  3213 | Sewer    | Reached skill level 5 in Spellcasting
  3298 | Sewer    | Reached XP level 6. HP: 20/32 MP: 3/15
  3725 | D:4      | Found a runed translucent door.
  4144 | D:4      | Found a staircase to the Ecumenical Temple.
  4153 | Temple   | Entered the Ecumenical Temple
  4228 | Temple   | Became a worshipper of Vehumet
  4604 | D:4      | Lost mutation: You possess an exceptional clarity of mind.
                  | [potion of mutation]
  4604 | D:4      | Lost mutation: Your muscles are strong. (Str +2) [potion of
                  | mutation]
  4604 | D:4      | Gained mutation: You are partially covered in iridescent
                  | scales. (AC +2) [potion of mutation]
  4604 | D:4      | Gained mutation: Your system is resistant to poisons.
                  | (rPois) [potion of mutation]
  5086 | D:4      | Reached XP level 7. HP: 36/36 MP: 7/17
  5098 | D:4      | Killed storma199's ghost
  5099 | D:4      | Reached skill level 1 in Armour
  5099 | D:4      | Reached skill level 6 in Spellcasting
  5247 | D:5      | Entered Level 5 of the Dungeon
  5433 | D:5      | Noticed Eustachio
  5444 | D:5      | Killed Eustachio
  5472 | D:5      | Learned a level 3 spell: Dazzling Flash
  5616 | D:5      | Reached skill level 7 in Spellcasting
  5722 | D:5      | Found a sparkling altar of Nemelex Xobeh.
  5724 | D:5      | Found a stormy altar of Qazlal.
  5726 | D:5      | Found a basalt altar of Yredelemnul.
  5816 | D:5      | Reached XP level 8. HP: 41/41 MP: 9/21
  6311 | D:6      | Reached skill level 8 in Spellcasting
  6390 | D:6      | Reached * piety under Vehumet
  6390 | D:6      | Offered knowledge of Shock by Vehumet.
  6396 | D:6      | Learned a level 1 spell: Shock
  6488 | D:6      | Found Rufocyse's Weapon Emporium.
  6601 | D:6      | Reached skill level 9 in Spellcasting
  6686 | D:6      | Reached skill level 1 in Hexes
  6962 | D:6      | Found Umodem's Antique Armour Emporium.
  6998 | D:6      | Found Quvvier's Weapon Shop.
  7098 | D:6      | Found a hazy altar of Hepliaklqana.
  7100 | D:6      | Found a shimmering altar of Xom.
  7101 | D:6      | Noticed a spectral ugly thing
  7188 | D:6      | Reached XP level 9. HP: 31/45 MP: 19/24
  7333 | D:6      | Found Rysumyk's Assorted Antiques.
  7345 | D:6      | Reached skill level 10 in Spellcasting
  7348 | D:6      | Bought a pair of glowing boots for 127 gold pieces
  7348 | D:6      | Bought a golden potion for 15 gold pieces
  7348 | D:6      | Bought a golden potion for 15 gold pieces
  7775 | D:7      | Reached skill level 5 in Stealth
  8090 | D:7      | Found a glowing silver altar of Zin.
  8537 | D:7      | Found an ancient bone altar of Kikubaaqudgha.
  8747 | D:8      | Reached skill level 10 in Conjurations
  8747 | D:8      | Reached skill level 1 in Air Magic
  8748 | D:8      | Reached skill level 11 in Spellcasting
  8957 | D:8      | Found a staircase to the Lair.
  9013 | D:8      | Offered knowledge of Foxfire by Vehumet.
  9013 | D:8      | Reached ** piety under Vehumet
  9128 | D:8      | Noticed Psyche
  9139 | D:8      | Paralysed by Psyche for 2 turns
  9145 | D:8      | Killed Psyche
  9146 | D:8      | Reached XP level 10. HP: 36/51 MP: 8/27
  9427 | D:8      | Reached skill level 1 in Evocations
  9430 | D:8      | Offered knowledge of Static Discharge by Vehumet.
  9437 | D:8      | Learned a level 3 spell: Vampiric Draining
 10695 | D:9      | Learned a level 2 spell: Static Discharge
 10728 | D:9      | Reached skill level 12 in Spellcasting
 10821 | D:9      | Reached *** piety under Vehumet
 10874 | D:9      | Found an iron altar of Okawaru.
 10985 | D:9      | Found a broken altar of Ashenzari.
 10992 | D:9      | Found a sacrificial altar of Ru.
 10999 | D:9      | Found a white marble altar of Elyvilon.
 11250 | D:10     | Entered Level 10 of the Dungeon
 11266 | D:10     | Noticed a two-headed ogre
 11563 | D:9      | Slain by a two-headed ogre

Illustrated notes

Levels and vault maps discovered:
D:1:      dpeg_arrival_simpleton_b, layout_basic, minmay_gold_behind_fungi
D:2:      minmay_diamond_boxcup, layout_rooms, basic_altar,
          grunt_decor_arrowhead
D:3:      layout_basic
D:4:      layout_loops_cross, minmay_temple_entry_nine_rooms,
          cheibrodos_sewer_entry_bend, ebering_ghost_sewer_f
D:5:      layout_basic, grunt_temple_overflow_open, uniq_eustachio
D:6:      layout_loops_corners, regret_index_temple_of_mockery, serial_shops,
          shop_fountains, shop, nicolae_shop_waterfront, shop
D:7:      layout_cave_pools, lemuel_zombie_altar_kikubaaqudgha,
          lemuel_doored_altar
D:8:      layout_basic, erik_lair_orcish_takeover, minmay_misc_feat_hallway,
          uniq_psyche
D:9:      layout_roguey, okawaru_trees_1, minmay_overflow_temple_star_quad,
          kennysheep_generic_room_12
D:10:     cheibrodos_fzero, layout_layer_cave, orc_0_dummy, enter_bailey_8
Temple:   minmay_temple_curvy_loop

Skill      XL: |  1  2  3  4  5  6  7  8  9 10 |
---------------+-------------------------------+-----
Conjurations   | 5 6 7 8 9 10 | 10.9
Stealth        | 3 4 5 |  5.3
Dodging        | 3 4 |  4.1
Spellcasting   | 4 5 7 9 11 12 | 12.2
Armour         | 1 2 3 |  3.4
Hexes          | 2 3 |  3.0
Air Magic      | 2 3 |  3.0
Evocations     | 1 |  1.1
Fighting       | |  0.9

Action                   |  1- 3 |  4- 6 |  7- 9 | 10-12 || total
-------------------------+-------+-------+-------+-------++-------
Melee: Unarmed           |     3 |       |       |       ||     3
       Whip              |     1 |     4 |     3 |       ||     8
Throw: Boomerang         |     1 |       |       |       ||     1
 Cast: Magic Dart        |    72 |   105 |    37 |       ||   214
       Searing Ray       |     8 |    35 |    82 |    27 ||   152
       Fulminant Prism   |       |       |     7 |     1 ||     8
       Dazzling Flash    |       |       |     1 |     2 ||     3
       Shock             |       |       |    24 |    25 ||    49
Evoke: Wand              |       |     4 |     4 |     1 ||     9
  Use: Scroll            |     2 |     5 |     6 |     2 ||    15
       Potion            |     1 |     1 |     8 |     1 ||    11
Armor: Robe              |     2 |       |       |       ||     2
       Leather armour    |       |     6 |    19 |       ||    25
       Steam dragon scal |       |       |    15 |    16 ||    31
Dodge: Dodged            |     7 |    13 |    62 |    17 ||    99

Table legend: (Time is in decaauts)
 A = Elapsed time spent in this place.
 B = Non-inter-level travel time spent in this place.
 C = Inter-level travel time spent in this place.
 D = Time resting spent in this place.
 E = Time spent auto-exploring this place.
 F = Levels seen in this place.
 G = Mean time per level.
                   A        B        C        D        E       F      G
               +--------+--------+--------+--------+--------+-----+--------+
         Total |  11637 |  11532 |    105 |   1186 |   3629 |  12 |  969.8 |
       Dungeon |  10924 |  10819 |    105 |   1069 |   3629 |  10 | 1092.4 |
        Temple |    115 |    115 |      0 |      0 |      0 |   1 |  115.0 |
         Sewer |    597 |    597 |      0 |    117 |      0 |   1 |  597.0 |
               +--------+--------+--------+--------+--------+-----+--------+

Top non-repeatable levels by time:
     D:6: 1533 daAuts
     D:8: 1508 daAuts
     D:4: 1499 daAuts
     D:9: 1356 daAuts
     D:2: 1114 daAuts
     D:1: 1091 daAuts
     D:5: 1050 daAuts
     D:3: 903 daAuts
     D:7: 832 daAuts
   Sewer: 597 daAuts
  Temple: 115 daAuts
    D:10: 33 daAuts
